 Dungeon Crawl Stone Soup version 0.29.1-12-g30fa7ad0bf (webtiles) character file.

Game seed: 16765244752826787387

611 H0rd4k the Insei (level 7, -2/47 HPs)
             Began as an Octopode Artificer on Dec 19, 2022.
             Slain by a water moccasin (10 damage)
             ... on level 5 of the Dungeon.
             The game lasted 00:03:57 (4756 turns).

H0rd4k the Insei (Octopode Artificer)               Turns: 4756, Time: 00:03:58

Health: -2/47      AC: -3    Str: 11    XL:     7   Next: 43%
Magic:  12/12      EV: 17    Int: 15    God:
Gold:   218        SH:  0    Dex: 13    Spells: 12/12 levels left

rFire   . . .      SeeInvis .     - Unarmed
rCold   . . .      Faith    .   (no shield)
rNeg    . . .      Spirit   .   (helmet restricted)
rPois   .          Reflect  .   (no amulet)
rElec   .          Harm     .   f - +4 ring of evasion
rCorr   .          Rampage  .   (no ring)
Will    .....                   (no ring)
Stlth   +++.......              (no ring)
HPRegen 0.15/turn               (no ring)
MPRegen 0.13/turn               (no ring)
                                (no ring)
                                (no ring)

@: corroded, flying, invisible
A: almost no armour, amphibious, 8 rings, camouflage 1, gelatinous body 1,
(nimble swimmer 1), tentacles
a: no special abilities


You were on level 5 of the Dungeon.
You visited 1 branch of the dungeon, and saw 5 of its levels.

You collected 218 gold pieces.

Inventory:

Missiles
 e - 11 poisoned darts (quivered)
Magical Staves
 a - a staff of poison
Jewellery
 f - a +4 ring of evasion (left tentacle)
 q - a +6 ring of intelligence
Wands
 b - a wand of flame (6)
 c - a wand of charming (9)
Scrolls
 d - a scroll of silence {unknown}
 i - a scroll of blinking {unknown}
 j - a scroll of teleportation {unknown}
 k - 2 scrolls of fear {unknown}
 l - a scroll of enchant weapon {unknown}
 m - 2 scrolls of immolation {unknown}
 p - a scroll of acquirement {unknown}
Potions
 h - a potion of curing {unknown}
 n - a potion of cancellation {unknown}
 o - a potion of invisibility


   Skills:
 * Level 3.8 Fighting
 + Level 0.1 Throwing
 - Level 2.3 Dodging
 - Level 1.3 Stealth
 + Level 5.2 Unarmed Combat
 * Level 3.3 Spellcasting
 - Level 3.2 Evocations


You had 12 spell levels left.
You didn't know any spells.
Your spell library contained the following spells:

 Spells                   Type           Power      Damage    Failure   Level
 Sandblast                Erth           4%         2d4       19%         1
 Passwall                 Tmut/Erth      1%         N/A       28%         2
 Stone Arrow              Conj/Erth      4%         3d7       50%         3
 Tukima's Dance           Hex            2%         N/A       50%         3
 Passage of Golubria      Tloc           2%         N/A       88%         4
 Yara's Violent Unravell  Hex/Tmut       1%         3d3       99%         5


Dungeon Overview and Level Annotations

Branches:
Dungeon (5/15)
 Temple: D:4-7

Altars:
Fedhas
Ru
Trog
Wu Jian

Shops:
D:4 *

Annotations:
D:4 exclusions: downstairs and moth of wrath
D:5 exclusion: troll


Innate Abilities, Weirdness & Mutations

You cannot wear most types of armour.
You are amphibious.
You can wear up to eight rings at the same time.
Your skin changes colour to match your surroundings (Stealth+).
Your rubbery body absorbs attacks. (AC +1, EV +1)
((You are camouflaged when in or above water. (Stealth+)))
You have tentacles for arms and can constrict up to eight enemies at once.


Message History

The jelly hits you. The acid corrodes you!
You are splashed with acid!
* * * LOW HITPOINT WARNING * * *
Aiming: Charm
Press: ? - help, Shift-Dir - straight line, f - jelly
Aim: a jelly (lightly wounded, chance to affect: 66%)
The jelly is charmed.
Unknown command.
What are your orders? t - Shout!
Orders for allies: a - Attack new target. p - Attack previous target. r - Retreat! s - Stop attacking. g - Guard the area. f - Follow me.
Anything else - Cancel.
Guard this area!
You swap places.
Things that are here:
a +0 giant club; an ogre corpse The water moccasin completely misses you.
The water moccasin attacks as you move away!
The water moccasin misses you.
The water moccasin attacks as you move away!
The water moccasin closely misses you.
Your jelly hits the water moccasin.
The water moccasin is splashed with acid.
The water moccasin barely misses you.
You closely miss the water moccasin. Your grab misses the water moccasin.
You squeeze the water moccasin, but do no damage.
The water moccasin is moderately wounded.
Your jelly misses the water moccasin. The water moccasin misses you.
It was a potion of flight.
You feel very buoyant.
You fly up into the air.
The water moccasin bites you.
* * * LOW HITPOINT WARNING * * *
Your jelly hits the water moccasin but does no damage.
The water moccasin barely misses you.
It was a potion of invisibility.
You fade into invisibility!
Your jelly hits the water moccasin.
The water moccasin is splashed with acid.
The acid corrodes the water moccasin!
The water moccasin bites you!
You die...

#.........###.###
.......
#...............#
.......
#.........#######
....... #.........#
....... #......)..#
....... #.........#
....... #.........#
.......##.........#
..((((..S@..).....#
....$..#J.........#
########.##.#######
#....# ######


You could see a water moccasin (unable to see you, corroded, ally target) and a
friendly jelly (charmed).

Vanquished Creatures
  Grinder (D:4)
  Eustachio (D:4)
  An ogre (D:5)
  An orc priest (D:5)
  6 adders
  2 gnolls (D:1)
  2 worms
  3 dart slugs
  4 orcs
  3 bats
  4 endoplasms
  3 giant cockroaches
  3 goblins
  12 hobgoblins
  2 jackals (D:2)
  7 kobolds
  5 quokkas
  4 ball pythons
  A frilled lizard (D:2)
  8 rats
73 creatures vanquished.

Vanquished Creatures (collateral kills)
  2 orcs (D:5)
2 creatures vanquished.

Grand Total: 75 creatures vanquished

Notes
Turn   | Place    | Note
-------+----------+-------------------------------------------
     0 | D:1      | H0rd4k the Octopode Artificer began the quest for the Orb.
     0 | D:1      | Reached XP level 1. HP: 13/13 MP: 1/1
    20 | D:1      | Reached skill level 1 in Spellcasting
    20 | D:1      | Reached XP level 2. HP: 17/19 MP: 1/3
   333 | D:1      | Reached XP level 3. HP: 11/24 MP: 3/5
   853 | D:1      | Found a faded altar of an unknown god.
  1704 | D:2      | Reached XP level 4. HP: 30/30 MP: 6/6
  1752 | D:2      | Reached skill level 1 in Unarmed Combat
  2396 | D:3      | Found an ornate altar of the Wu Jian Council.
  2765 | D:3      | Reached XP level 5. HP: 36/36 MP: 8/8
  2781 | D:3      | Reached skill level 2 in Unarmed Combat
  2963 | D:3      | Found a blossoming altar of Fedhas.
  2963 | D:3      | Found a sacrificial altar of Ru.
  2988 | D:4      | Found Isadgh's Assorted Antiques.
  3237 | D:4      | Noticed a moth of wrath
  3240 | D:4      | Found a bloodstained altar of Trog.
  3529 | D:4      | Noticed Grinder
  3533 | D:4      | Paralysed by Grinder for 2 turns
  3538 | D:4      | Killed Grinder
  3539 | D:4      | Reached skill level 4 in Unarmed Combat
  3539 | D:4      | Reached XP level 6. HP: 42/42 MP: 8/10
  3650 | D:4      | Noticed Eustachio
  3664 | D:4      | Killed Eustachio
  3665 | D:4      | Reached XP level 7. HP: 17/46 MP: 11/11
  4161 | D:5      | Entered Level 5 of the Dungeon
  4161 | D:5      | Noticed a steam dragon
  4480 | D:5      | Noticed a troll
  4743 | D:5      | Reached skill level 5 in Unarmed Combat
  4756 | D:5      | Slain by a water moccasin

Illustrated notes

Levels and vault maps discovered:
D:1:      reono_arrival_mine, layout_rooms,
          dreamdust_ecumenical_altar_angels_and_demons
D:2:      layout_loops_ring, feat_on_display
D:3:      layout_loops_cross, nicolae_wu_jian_wuxing_cycle,
          gammafunk_temple_overflow_wave, kennysheep_nub
D:4:      layout_cave_pods, tgw_trog, serial_shops, shop,
          grunt_decor_mini_mirrors, kennysheep_crisscross, st_stairs_8,
          palyth_stone_intersect, corexii_shack, uniq_grinder, uniq_eustachio
D:5:      layout_basic, minmay_temple_entry_nine_rooms, serial_shops,
          kennysheep_mini

Skill      XL: |  1  2  3  4  5  6  7 |
---------------+----------------------+-----
Spellcasting   | 1 2 3 |  3.3
Fighting       | 2 3 |  3.8
Unarmed Combat | 1 4 5 |  5.2
Throwing       | |  0.1
Dodging        | |  2.3
Stealth        | |  1.3
Evocations     | |  3.2

Action                   |  1- 3 |  4- 6 |  7- 9 || total
-------------------------+-------+-------+-------++-------
Melee: Unarmed           |    59 |   100 |    23 ||   182
       Tentacles         |    18 |    22 |     7 ||    47
       Constrict         |    15 |    31 |     4 ||    50
       Punch             |       |     4 |     1 ||     5
Throw: Dart              |       |       |     4 ||     4
Evoke: Wand              |     1 |     8 |    11 ||    20
  Use: Potion            |       |       |     2 ||     2
 Stab: Sleeping          |     7 |    11 |       ||    18
Armor: Skin              |     5 |     1 |     1 ||     7
Dodge: Dodged            |    28 |    69 |    17 ||   114
